 Dungeon Crawl Stone Soup version 0.17-a0-1141-g3e25b61 (webtiles) character file.

165 Hanyuu the Insei (level 5, 0/33 HPs)
             Began as an Octopode Transmuter on May 25, 2015.
             Was a Follower of Makhleb.
             Killed by nerve-wracking pain
             ... invoked by an orc priest
              (3 damage)
             ... on level 3 of the Dungeon on May 26, 2015.
             The game lasted 00:15:29 (2525 turns).

Hanyuu the Insei (Octopode Transmuter)              Turns: 2525, Time: 00:15:31

Health: 0/33       AC:  2    Str:  9    XL:     5   Next: 46%
Magic:  6/8        EV: 19    Int: 17    God:    Makhleb [*.....]
Gold:   91         SH:  0    Dex: 17    Spells: 3 memorised, 2 levels left

rFire  . . .     SeeInvis .       - Unarmed
rCold  . . .     Clarity  .     (shield currently unavailable)
rNeg   . . .     SustAt   .     (helmet currently unavailable)
rPois  x         Gourm    .     l - amulet of faith
rElec  .         Spirit   .     (no ring)
rCorr  .         Warding  .     (no ring)
rMut   .         Stasis   .     (no ring)
MR     .....                    (no ring)
Stlth  ++........               (no ring)
                                (no ring)
                                (no ring)
                                (no ring)

@: lethally poisoned (0 -> -3), spider-form (expiring), not resistant to hostile
enchantments, unstealthy
A: almost no armour, amphibious, 8 rings, (constrict 8), (camouflage 0),
(gelatinous body 0)
a: End Transformation, Renounce Religion


You were on level 3 of the Dungeon.
You worshipped Makhleb.
Makhleb was aware of your devotion.
You were not hungry.
You were a venomous arachnid creature.
You visited 1 branch of the dungeon, and saw 3 of its levels.

You collected 91 gold pieces.

Inventory:

Missiles
 a - 12 arrows
 h - 3 javelins (quivered)
 n - 15 arrows of frost
 p - 26 poisoned needles
Jewellery
 i - an uncursed amulet of warding
 l - an amulet of faith (around neck)
Scrolls
 d - 2 scrolls of identify
 e - 2 scrolls of remove curse
 k - a scroll of noise {unknown}
Potions
 j - a potion of cancellation {unknown}
 q - a potion of heal wounds {unknown}
 r - a potion of haste
 u - a potion of cure mutation {unknown}
 v - 2 potions of lignification
 x - a potion of curing
Books
 b - a book of Changes

   Spells                             Type                      Level
   a - Beastly Appendage              Transmutation                1
   b - Sticks to Snakes               Transmutation                2
   c - Spider Form                    Transmutation/Poison         3
   d - Ice Form                       Ice/Transmutation            4
   e - Blade Hands                    Transmutation                5
Comestibles
 c - a bread ration
 f - a meat ration
 g - 4 fruits
 m - a beef jerky
 o - 2 chunks of flesh


   Skills:
 - Level 1.0 Fighting
 - Level 2.0 Dodging
 + Level 5.5 Unarmed Combat
 - Level 2.0 Spellcasting
 * Level 2.8 Transmutations


You had 2 spell levels left.
You knew the following spells:

 Your Spells              Type           Power        Failure   Level  Hunger
a - Beastly Appendage     Trmt           ##....       24%         1    #......
b - Sticks to Snakes      Trmt           ##........   28%         2    ###....
c - Spider Form           Trmt/Pois      #.........   61%         3    ###....


Dungeon Overview and Level Annotations

Branches:
Dungeon (3/15)

Altars:
Cheibriados
Dithmenos
Makhleb
Ru


Innate Abilities, Weirdness & Mutations

You cannot wear most types of armour.
You are amphibious.
You can wear up to eight rings at the same time.
((You can use your tentacles to constrict eight enemies at once.))
((Your skin changes colour to match your surroundings (Stealth).))
((Your rubbery body absorbs attacks (AC +1).))


Message History

You kill the worm!
Makhleb accepts your kill. The orc misses you.
You hit the orc.
You kill the orc!
Makhleb accepts your kill.
Your transformation is almost over.
You feel sick.
You barely miss the orc wizard. The orc wizard misses you.
You hit the orc wizard.
The orc wizard is poisoned.
The orc wizard is moderately wounded.
The orc wizard barely misses you.
You hit the orc.
You kill the orc!
Makhleb accepts your kill.
You can now gain health from killing.
You feel sick. The orc wizard hits you with a dagger.
* * * LOW HITPOINT WARNING * * *
The orc priest mumbles some strange prayers to Beogh against you.
Pain shoots through your body!
You die...

######### ########.......#
#.........## #.#
#..........###.#### #
#.......)..##..##.####.###
##.....>.......)soK........
.#.........<...o##...##...
.#...........##.........%.#
.###+##+##......##.#.###..#
...#.##.##......##.#.# .
.............#$.##.#.o
.....##................
.#.#.#####......##.###o#
.........#.........# .#


You could see an orc priest, an orc wizard and a kobold.

Vanquished Creatures
  Jessica (D:2)
  7 adders
  2 worms
  2 giant geckos
  3 orcs (D:3)
  10 bats
  3 giant cockroaches
  7 hobgoblins
  6 jackals
  A quokka (D:2)
  A ball python (D:3)
  3 giant newts
  8 goblins
  5 kobolds
  10 rats
69 creatures vanquished.

Notes
Turn   | Place    | Note
--------------------------------------------------------------
     0 | D:1      | Hanyuu the Octopode Transmuter began the quest for the Orb.
     0 | D:1      | Reached XP level 1. HP: 13/13 MP: 3/3
     0 | D:1      | Upgraded the game from 0.17-a0-1133-gfb1399f to 0.17-a0-1141-g3e25b61
   333 | D:1      | Reached XP level 2. HP: 15/18 MP: 5/5
   392 | D:1      | Learned a level 2 spell: Sticks to Snakes
   708 | D:1      | Reached skill level 4 in Unarmed Combat
   867 | D:1      | Reached XP level 3. HP: 23/23 MP: 6/6
   872 | D:1      | Learned a level 3 spell: Spider Form
   952 | D:2      | Found a shadowy altar of Dithmenos.
  1183 | D:2      | Reached XP level 4. HP: 9/28 MP: 1/7
  1574 | D:2      | Noticed Jessica
  1587 | D:2      | Killed Jessica
  1587 | D:2      | Reached skill level 5 in Unarmed Combat
  2081 | D:3      | Found a sacrificial altar of Ru.
  2090 | D:3      | Reached XP level 5. HP: 33/33 MP: 8/8
  2110 | D:3      | Found a burning altar of Makhleb.
  2114 | D:3      | Became a worshipper of Makhleb the Destroyer
  2117 | D:3      | Found a snail-covered altar of Cheibriados.
  2525 | D:3      | Acquired Makhleb's first power
  2525 | D:3      | Killed from afar by an orc priest

Vault maps used:
D:1:      dpeg_arrival_subterranean_lakeside_camping, minmay_stone_trees_small
D:2:      grunt_dithmenos_smoke_and_mirrors, nicolae_overflow_hidden_temple,
          kennysheep_jessica_study, uniq_jessica
D:3:      lemuel_upstairs_altar, lemuel_doored_altar,
          nicolae_ru_sacrificial_ziggurat, minitemple

Action                   |  1- 3 |  4- 6 || total
-------------------------+-------+-------++-------
Melee: Unarmed           |    83 |    84 ||   167
 Cast: Beastly Appendage |     2 |     6 ||     8
       Spider Form       |     1 |     2 ||     3
  Use: Potion            |     1 |       ||     1
       Scroll            |       |     5 ||     5
 Stab: Sleeping          |     8 |     3 ||    11
  Eat: Pizza             |     1 |       ||     1
       Chunk             |       |     4 ||     4
